[Event "Titled Tuesday Blitz November 14 Early 2023"]
[White "Bortnyk, Olexandr"]
[Black "Chinguun, Sumiya"]
[WhiteFideId "14120828"]
[BlackFideId "4902572"]
[WhiteElo "3002"]
[BlackElo "2713"]
[Result "1-0"]
[Round "5"]
[TimeControl "180+1"]
[Date "2023.11.14"]
[WhiteClock "0:02:06"]
[BlackClock "0:01:26"]
[Board "22"]

1. e4 c5 2. c3 d5 3. exd5 Qxd5 4. d4 e6 5. Be3 cxd4 6. cxd4 Nf6 7. Nc3 Qd6 8. Nf3 Nc6 9. a3 Be7 10. Bc4 O-O 11. O-O a6 12. d5 exd5 13. Nxd5 Nxd5 14. Qxd5 Qxd5 15. Bxd5 Bf6 16. Bxc6 bxc6 17. Bd4 Bxd4 18. Nxd4 c5 19. Nb3 c4 20. Na5 Be6 21. Rac1 Rfc8 22. Rc2 Rab8 23. Rfc1 c3 24. b4 h6 25. h3 Kh7 26. Rxc3 Rxc3 27. Rxc3 Rd8 28. Nb7 Rd1+ 29. Kh2 Rd2 30. f3 Bd5 31. Nc5 g5 32. Nxa6 h5 33. b5 g4 34. hxg4 hxg4 35. Kg3 Rb2 36. Nb4 Be6 37. b6 gxf3 38. gxf3 f5 39. b7 f4+ 40. Kxf4 1-0


[Site "https://www.chess.com"]

[Event "Titled Tuesday Blitz November 14 Early 2023"]
[White "Danielyan, Vahe"]
[Black "Oparin, Grigoriy"]
[WhiteFideId "13304828"]
[BlackFideId "24125890"]
[WhiteElo "2703"]
[BlackElo "2992"]
[Result "0-1"]
[Round "5"]
[TimeControl "180+1"]
[Date "2023.11.14"]
[WhiteClock "0:00:01"]
[BlackClock "0:00:04"]
[Board "23"]

1. e4 c6 2. d4 d5 3. exd5 cxd5 4. Bd3 Nc6 5. c3 Nf6 6. Bf4 Bg4 7. Qb3 Qd7 8. Nd2 e6 9. Ngf3 Bd6 10. Bg3 O-O 11. O-O Bxg3 12. hxg3 Qc7 13. Rae1 Bh5 14. Ne5 Rab8 15. f4 Ng4 16. Ndf3 f6 17. Nxc6 Qxc6 18. Qc2 Kh8 19. Qe2 Bf7 20. Ng5 fxg5 21. Qxg4 gxf4 22. gxf4 Bg8 23. Re5 Rf6 24. Rf3 Rbf8 25. Rh5 Qc7 26. g3 h6 27. Rf2 Bh7 28. Bxh7 Kxh7 29. Re5 Rg6 30. Qf3 Qa5 31. a3 Qb6 32. Kg2 Qd6 33. Rfe2 Rff6 34. Qh5 Kg8 35. R2e3 Kh7 36. Re2 b5 37. Kh2 a5 38. R2e3 b4 39. cxb4 axb4 40. a4 Qb6 41. Qd1 Qa6 42. Qc2 Kh8 43. f5 exf5 44. Rxf5 Rxf5 45. Qxf5 Kh7 46. a5 Qc6 47. Re7 Qd6 48. Rd7 Qxg3+ 49. Kh1 Qg2# 0-1


[Site "https://www.chess.com"]

[Event "Titled Tuesday Blitz November 14 Early 2023"]
[White "Muradli, Mahammad"]
[Black "Rozman, Levy"]
[WhiteFideId "13409301"]
[BlackFideId "2039877"]
[WhiteElo "2990"]
[BlackElo "2702"]
[Result "1-0"]
[Round "5"]
[TimeControl "180+1"]
[Date "2023.11.14"]
[WhiteClock "0:00:51"]
[BlackClock "0:00:37"]
[Board "24"]

1. Nf3 g6 2. d4 Bg7 3. c4 d6 4. Nc3 Bg4 5. e3 Nc6 6. Be2 e5 7. Nxe5 dxe5 8. Bxg4 exd4 9. exd4 Qxd4 10. Qe2+ Qe5 11. Be3 Nf6 12. Bf3 O-O 13. Bxc6 bxc6 14. O-O Rab8 15. Rad1 Rfe8 16. h3 Qf5 17. Qd2 Ne4 18. Nxe4 Rxb2 19. Qd3 Rxe4 20. Qd8+ Bf8 21. Bh6 Qc5 22. Qc8 Rh4 23. Bxf8 1-0


[Site "https://www.chess.com"]

[Event "Titled Tuesday Blitz November 14 Early 2023"]
[White "Gholami Orimi, Mahdi"]
[Black "Ilkhomi, Jaloliddin"]
[WhiteFideId "12558486"]
[BlackFideId "14700948"]
[WhiteElo "2961"]
[BlackElo "2700"]
[Result "1-0"]
[Round "5"]
[TimeControl "180+1"]
[Date "2023.11.14"]
[WhiteClock "0:01:21"]
[BlackClock "0:00:01"]
[Board "25"]

1. d4 Nf6 2. c4 e6 3. Nc3 Bb4 4. e3 O-O 5. Bd3 b6 6. Ne2 Bb7 7. O-O d5 8. cxd5 exd5 9. a3 Bd6 10. b4 a6 11. h3 Nbd7 12. Rb1 Qe7 13. Nf4 Bxf4 14. exf4 Qd6 15. f3 Rae8 16. Qc2 Re7 17. Qf2 Rfe8 18. Bd2 Nf8 19. f5 Bc8 20. g4 h6 21. Kg2 N8h7 22. Qg3 Qxg3+ 23. Kxg3 Rd8 24. Rfe1 Rxe1 25. Rxe1 Kf8 26. Bf4 Ne8 27. b5 axb5 28. Nxb5 c6 29. Nc7 Nhf6 30. a4 c5 31. Nxe8 Nxe8 32. Rb1 c4 33. Bc2 Bd7 34. Rxb6 Ra8 35. Rb8 Ra6 36. Bd2 Ke7 37. Bb4+ Kf6 38. a5 Nd6 39. h4 g6 40. fxg6 fxg6 41. Rg8 Be8 42. Bxd6 Bf7 43. Be5+ Ke7 44. Rg7 Rxa5 45. Bxg6 1-0


[Site "https://www.chess.com"]

[Event "Titled Tuesday Blitz November 14 Early 2023"]
[White "Martinez Ramirez, Lennis"]
[Black "Galchenko, Matvey"]
[WhiteFideId "3509079"]
[BlackFideId "24175480"]
[WhiteElo "2699"]
[BlackElo "2943"]
[Result "1/2-1/2"]
[Round "5"]
[TimeControl "180+1"]
[Date "2023.11.14"]
[WhiteClock "0:00:10"]
[BlackClock "0:00:09"]
[Board "26"]

1. e4 e6 2. d4 d5 3. Nd2 a6 4. Bd3 c5 5. exd5 exd5 6. Ngf3 Nf6 7. O-O Be7 8. dxc5 Bxc5 9. Re1+ Be6 10. Nb3 Bb6 11. Nbd4 O-O 12. Nxe6 fxe6 13. Rxe6 Nc6 14. Be3 Bc7 15. Bc5 Re8 16. Qe2 Ne5 17. Bf5 Nxf3+ 18. Qxf3 Rxe6 19. Bxe6+ Kh8 20. Bd4 Bxh2+ 21. Kxh2 Qd6+ 22. Kg1 Qxe6 23. Bxf6 gxf6 24. Rd1 Rd8 25. c4 d4 26. Qxb7 d3 27. Qf3 d2 28. g3 Kg7 29. Kg2 Qxc4 30. Qb7+ Kg6 31. Rh1 h5 32. Qf3 Qb5 33. a4 Qe5 34. b4 Rd4 35. b5 axb5 36. axb5 Qxb5 37. Rd1 Qe5 38. Rh1 Qd5 39. Qxd5 Rxd5 40. Rd1 Kg5 41. Kf3 Kf5 42. Ke3 Kg4 43. Rxd2 Re5+ 44. Kd4 Kf3 45. Ra2 Re1 46. Kd5 Re5+ 47. Kd6 Re4 48. Rb2 f5 49. Kd5 Re1 50. Ra2 f4 51. gxf4 h4 52. f5 h3 53. Ra3+ Kg2 54. Rg3+ Kh2 55. f6 Rf1 56. Rf3 Kg2 57. f7 h2 58. f8=Q h1=Q 59. Rg3+ Kh2+ 60. Qf3 Rd1+ 61. Ke5 Re1+ 62. Kf4 Qxf3+ 63. Kxf3 Re8 64. Rg4 Kh3 65. Rf4 Rd8 66. Re4 Rf8+ 67. Rf4 Re8 68. Rf7 Kh4 69. Kf4 Kh5 70. f3 Kg6 71. Rf5 Ra8 72. Rb5 Ra4+ 73. Ke5 Kf7 74. Rb7+ Kf8 75. Rb6 Kf7 76. Rb7+ Kf8 77. f4 Ra6 78. Kf5 Rc6 79. Rd7 Ra6 80. Rh7 Rb6 81. Ke5 Ra6 82. Rd7 Rb6 83. Rd5 Ra6 84. Kf5 Rb6 85. Re5 Ra6 86. Re6 Ra5+ 87. Kf6 Ra7 88. Rb6 Rf7+ 89. Kg5 Rg7+ 90. Kh6 Ra7 91. f5 Kf7 92. Kg5 Rc7 93. Rh6 Rc1 94. Rh7+ Kg8 95. Rb7 Rc6 96. Re7 Kf8 97. Re6 Rxe6 98. fxe6 Ke7 99. Kf5 Ke8 100. Kf6 Kf8 101. Ke5 Ke7 102. Kf5 Ke8 103. Kf6 Kf8 104. e7+ Ke8 105. Ke6 1/2-1/2


[Site "https://www.chess.com"]

[Event "Titled Tuesday Blitz November 14 Early 2023"]
[White "Ashraf, Artin"]
[Black "Mladenovic, Stefan"]
[WhiteFideId "22514805"]
[BlackFideId "942227"]
[WhiteElo "2926"]
[BlackElo "2688"]
[Result "1-0"]
[Round "5"]
[TimeControl "180+1"]
[Date "2023.11.14"]
[WhiteClock "0:00:04"]
[BlackClock "0:00:03"]
[Board "27"]

1. e4 c5 2. Nf3 d6 3. Bb5+ Bd7 4. Bxd7+ Qxd7 5. c4 Nf6 6. Nc3 g6 7. O-O Bg7 8. d4 cxd4 9. Nxd4 O-O 10. f3 Rc8 11. b3 d5 12. exd5 Nxd5 13. Nxd5 e6 14. Be3 exd5 15. Rc1 dxc4 16. bxc4 Nc6 17. Nb5 Qxd1 18. Rfxd1 Ne5 19. Nd6 Rc6 20. c5 b6 21. cxb6 axb6 22. f4 Rxc1 23. Rxc1 Nd3 24. Rc4 Rxa2 25. h3 Bf8 26. Rc8 Kg7 27. Ne8+ Kh6 28. f5+ Kh5 29. Nf6+ Kh4 30. Rc4+ Kg3 31. Rg4# 1-0


[Site "https://www.chess.com"]

[Event "Titled Tuesday Blitz November 14 Early 2023"]
[White "Rustemov, Alexander"]
[Black "Timerkhanov, Alexander"]
[WhiteFideId "4119002"]
[BlackFideId "24177938"]
[WhiteElo "2910"]
[BlackElo "2687"]
[Result "0-1"]
[Round "5"]
[TimeControl "180+1"]
[Date "2023.11.14"]
[WhiteClock "0:00:22"]
[BlackClock "0:00:17"]
[Board "28"]

1. d4 d5 2. c4 c6 3. Nc3 Nf6 4. e3 a6 5. Qc2 Bg4 6. Bd3 e6 7. b3 Nbd7 8. Bb2 Be7 9. Nge2 Bh5 10. Nf4 Bg6 11. Nxg6 hxg6 12. h3 O-O 13. O-O Re8 14. Rac1 Bd6 15. Rfd1 Qe7 16. Bf1 b5 17. cxd5 cxd5 18. a4 b4 19. Nb1 Ne4 20. Nd2 Nxd2 21. Rxd2 Nf6 22. Qc6 Ne4 23. Rdc2 a5 24. Bd3 f5 25. g3 Red8 26. Bf1 Ra7 27. Qb5 Raa8 28. Rc6 Qg5 29. Qe2 f4 30. exf4 Bxf4 31. Re1 Bd2 32. Rd1 Bc3 33. Bc1 Qf6 34. Bg2 Bxd4 35. Bxe4 dxe4 36. Kg2 Rd5 37. Rf1 Rf8 38. Be3 Qf3+ 39. Qxf3 exf3+ 40. Kg1 Bxe3 41. fxe3 Re5 42. Kf2 Rd8 43. Kxf3 Rd3 44. Rc8+ Kh7 45. Kg4 Rexe3 46. Rff8 Rxg3+ 47. Kh4 g5+ 48. Kh5 g6# 0-1


[Site "https://www.chess.com"]

[Event "Titled Tuesday Blitz November 14 Early 2023"]
[White "Kovalev, Vladislav"]
[Black "Dowgird, Filip"]
[WhiteFideId "13504398"]
[BlackFideId "1121235"]
[WhiteElo "2905"]
[BlackElo "2675"]
[Result "1/2-1/2"]
[Round "5"]
[TimeControl "180+1"]
[Date "2023.11.14"]
[WhiteClock "0:00:07"]
[BlackClock "0:00:06"]
[Board "29"]

1. e4 d6 2. d4 Nf6 3. Nc3 c6 4. f4 Qa5 5. Bd3 e5 6. Nf3 exd4 7. Nxd4 g6 8. Nb3 Qc7 9. O-O Bg7 10. a4 O-O 11. f5 d5 12. exd5 Nxd5 13. Nxd5 cxd5 14. Qf3 Bxf5 15. Bxf5 gxf5 16. Qxf5 Qb6+ 17. Kh1 Qe6 18. c3 Nd7 19. Bg5 Rae8 20. Nd4 Bxd4 21. cxd4 f6 22. Bh6 Rf7 23. Qf2 Qg4 24. Rae1 Rfe7 25. h3 Qg6 26. Bf4 Kf7 27. Rxe7+ Rxe7 28. Qf3 Re4 29. Rc1 Qf5 30. Bg3 Qxf3 31. gxf3 Rxd4 32. Rc7 Ke6 33. Rxb7 Rxa4 34. b4 a5 35. bxa5 Rxa5 36. Kg2 Ra2+ 37. Kf1 h5 38. h4 Rc2 39. Rb4 Rc4 40. Rb3 Kf5 41. Ke2 Rc2+ 42. Kd3 Rg2 43. Rb7 Rxg3 44. Rxd7 Rxf3+ 45. Kd4 Ke6 46. Rd8 Rf4+ 47. Ke3 Rxh4 48. Re8+ Kf5 49. Kf3 Rh3+ 50. Kg2 Rd3 51. Kf2 h4 52. Rh8 h3 53. Ke2 Rg3 54. Rh5+ Ke4 55. Rh4+ Ke5 56. Rh8 f5 57. Kf2 Rc3 58. Ke2 d4 59. Kf2 Ke4 60. Re8+ Kf4 61. Rh8 Rc2+ 62. Kg1 h2+ 63. Kh1 d3 64. Rh4+ Ke5 65. Re4+ Kd5 66. Rd4+ Kc5 67. Rxd3 Kc4 68. Rd4+ Kxd4 1/2-1/2


[Site "https://www.chess.com"]

[Event "Titled Tuesday Blitz November 14 Early 2023"]
[White "Salinas Herrera, Pablo"]
[Black "Skliarov, Viktor"]
[WhiteFideId "3407128"]
[BlackFideId "14106736"]
[WhiteElo "2896"]
[BlackElo "2673"]
[Result "1-0"]
[Round "5"]
[TimeControl "180+1"]
[Date "2023.11.14"]
[WhiteClock "0:00:48"]
[BlackClock "0:00:01"]
[Board "30"]

1. d4 Nf6 2. Nf3 g6 3. Nbd2 Bg7 4. e4 d6 5. Bb5+ c6 6. Bd3 O-O 7. O-O Bg4 8. h3 Bxf3 9. Nxf3 Qc7 10. Re1 e5 11. c3 Nbd7 12. Qc2 Rad8 13. Be3 a5 14. Rad1 h6 15. Qc1 Kh7 16. Bc2 Rfe8 17. dxe5 Nxe5 18. Nxe5 dxe5 19. Rxd8 Rxd8 20. Rd1 Rxd1+ 21. Qxd1 Bf8 22. a3 b5 23. b4 axb4 24. axb4 Qd7 25. Qf3 Ng8 26. Bb3 Kg7 27. Qe2 Nf6 28. f3 Nh5 29. Kh2 Nf4 30. Qc2 h5 31. Qc1 Bd6 32. Qd2 Qe7 33. g3 Ne6 34. h4 c5 35. Bxe6 fxe6 36. Bh6+ Kh7 37. Bg5 Qc7 38. bxc5 Bxc5 39. Qe2 Qb6 40. Qd3 Qc7 41. Qxb5 Bf8 42. c4 Qa7 43. Qb2 Qc5 44. Qe2 Qd4 45. Be3 Qa1 46. c5 Qa4 47. Qd2 Qc6 48. Qc3 Qc7 49. c6 Bd6 50. Kg2 Kg7 51. Qc4 Kf7 52. Qb5 Ke8 53. Bb6 Qc8 54. c7+ Ke7 55. Qc6 1-0


[Site "https://www.chess.com"]

[Event "Titled Tuesday Blitz November 14 Early 2023"]
[White "Raahul V S"]
[Black "Zhigalko, Sergei"]
[WhiteFideId "25035525"]
[BlackFideId "13502956"]
[WhiteElo "2669"]
[BlackElo "2895"]
[Result "0-1"]
[Round "5"]
[TimeControl "180+1"]
[Date "2023.11.14"]
[WhiteClock "0:00:05"]
[BlackClock "0:00:08"]
[Board "31"]

1. c4 e5 2. Nc3 Nf6 3. Nf3 Nc6 4. e3 Bb4 5. Qc2 d6 6. Ne2 a5 7. a3 Bc5 8. b3 O-O 9. Ng3 Re8 10. d3 Ne7 11. Bb2 c6 12. Be2 Ng6 13. O-O h6 14. Rad1 Bb6 15. Nd2 d5 16. Bf3 Be6 17. Nb1 Bc7 18. Nc3 Nh4 19. Be2 Qd7 20. Na4 Bh3 21. Nc5 Qc8 22. Bf3 Nxf3+ 23. gxf3 b6 24. Na4 Bxf1 25. Rxf1 b5 26. Nc3 Qd7 27. Rd1 Rad8 28. d4 exd4 29. Rxd4 Be5 30. Rd1 bxc4 31. bxc4 Qe6 32. cxd5 Nxd5 33. Nce4 Nxe3 34. fxe3 Rxd1+ 35. Qxd1 Bxb2 36. Qd2 Bxa3 37. Qxa5 Bf8 38. Kg2 Qd5 39. Qxd5 cxd5 40. Nc3 Rxe3 41. Nxd5 Ra3 42. Ne4 f5 43. Ng3 g6 44. Nf4 Ra2+ 45. Kh3 Kf7 46. Nd3 Bd6 47. f4 Ra3 48. Ne5+ Bxe5 49. fxe5 f4 0-1


[Site "https://www.chess.com"]

[Event "Titled Tuesday Blitz November 14 Early 2023"]
[White "Steinberg, Nitzan"]
[Black "Skvortsov, Andrei"]
[WhiteFideId "2801795"]
[BlackFideId "24108600"]
[WhiteElo "2890"]
[BlackElo "2667"]
[Result "1-0"]
[Round "5"]
[TimeControl "180+1"]
[Date "2023.11.14"]
[WhiteClock "0:00:11"]
[BlackClock "0:00:00"]
[Board "32"]

1. e4 e5 2. Nf3 Nf6 3. Nxe5 d6 4. Nf3 Nxe4 5. d3 Nf6 6. d4 d5 7. Bd3 Bd6 8. O-O O-O 9. h3 h6 10. Re1 Re8 11. Nc3 c6 12. Ne5 a5 13. Bf4 Na6 14. a3 Nc7 15. Ne2 Ne6 16. Bh2 Nf8 17. c3 Qc7 18. Bc2 Ne4 19. f3 Ng5 20. h4 Nge6 21. f4 f6 22. Nd3 g6 23. h5 g5 24. Ng3 Ng7 25. Rxe8 Nxe8 26. Qf3 Ng7 27. fxg5 fxg5 28. Rf1 Qe7 29. Ne5 Be6 30. Nh1 Bxe5 31. Bxe5 g4 32. Qe3 Qg5 33. Bf4 Qxh5 34. Ng3 Qe8 35. Bxh6 Bf7 36. Qg5 Ne6 37. Qxg4 Kh8 38. Qh4 Kg8 39. Bxg7 Kxg7 40. Nf5+ Kg8 41. Qf6 Qf8 42. Nh6+ 1-0


[Site "https://www.chess.com"]

[Event "Titled Tuesday Blitz November 14 Early 2023"]
[White "Mahdavi, Reza"]
[Black "Yen, William"]
[WhiteFideId "12595926"]
[BlackFideId "30932025"]
[WhiteElo "2889"]
[BlackElo "2664"]
[Result "1-0"]
[Round "5"]
[TimeControl "180+1"]
[Date "2023.11.14"]
[WhiteClock "0:00:17"]
[BlackClock "0:00:12"]
[Board "33"]

1. e4 c5 2. Nf3 d6 3. d4 cxd4 4. Nxd4 Nf6 5. Nc3 a6 6. Bd3 g6 7. f3 Bg7 8. Be3 O-O 9. Qd2 Nc6 10. O-O-O Ne5 11. Be2 b5 12. Bh6 b4 13. Nd5 Nxd5 14. exd5 a5 15. Bxg7 Kxg7 16. f4 Ng4 17. Nc6 Qc7 18. Bxg4 Bxg4 19. Qd4+ f6 20. Rde1 Rae8 21. h3 Bc8 22. g4 Bb7 23. Re6 Bxc6 24. Qc4 Rf7 25. dxc6 Rc8 26. Rhe1 Kf8 27. f5 Qxc6 28. Qd3 g5 29. R6e2 Qc4 30. Qxc4 Rxc4 31. b3 Rc5 32. Kb2 Ke8 33. a3 bxa3+ 34. Kxa3 Kd7 35. c4 h5 36. Ka4 h4 37. Re6 Rh7 38. R1e2 Rf7 39. Ka3 Rh7 40. R2e4 Rf7 41. Kb2 Rh7 42. Kc3 Rf7 43. Re1 Rh7 44. Kd4 Rf7 45. R1e2 Rh7 46. Kc3 Rf7 47. Ra2 Rh7 48. b4 axb4+ 49. Kxb4 Rh8 50. Ra7+ Rc7 51. Rxe7+ Kxe7 52. Rxc7+ Kd8 53. Ra7 Re8 54. Ra8+ Kd7 55. Rxe8 Kxe8 56. Kb5 Kd7 57. Kb6 d5 58. cxd5 Kd6 59. Kb7 Kd7 60. d6 Kxd6 61. Kc8 Ke5 62. Kd7 Kf4 63. Ke6 Kg3 64. Kxf6 Kxh3 65. Kxg5 Kg3 66. f6 h3 67. f7 h2 68. f8=Q h1=Q 69. Qf4+ Kh3 70. Qe3+ Kh2 71. Qf2+ Kh3 72. Qh4+ 1-0


[Site "https://www.chess.com"]

[Event "Titled Tuesday Blitz November 14 Early 2023"]
[White "Yaran, Siar"]
[Black "Henriquez Villagra, Cristobal"]
[WhiteFideId "6323006"]
[BlackFideId "3409350"]
[WhiteElo "2662"]
[BlackElo "2885"]
[Result "1-0"]
[Round "5"]
[TimeControl "180+1"]
[Date "2023.11.14"]
[WhiteClock "0:00:03"]
[BlackClock "0:00:02"]
[Board "34"]

1. e4 g6 2. d4 d6 3. h4 h5 4. c4 Bg7 5. Nc3 e5 6. d5 Na6 7. Be3 Nc5 8. b4 Nd7 9. Bd3 a5 10. a3 Bh6 11. Bxh6 Nxh6 12. g3 O-O 13. Nh3 c5 14. dxc6 bxc6 15. Ng5 Rb8 16. Rb1 axb4 17. axb4 c5 18. b5 Nb6 19. Qd2 Kg7 20. O-O f6 21. Nf3 Be6 22. Rfd1 Nf7 23. Qe2 Ra8 24. Ra1 Qc7 25. Nd2 Qb7 26. Nf1 Bg4 27. f3 Be6 28. Ne3 Rxa1 29. Rxa1 Ra8 30. Ra2 Ra7 31. Qb2 Qa8 32. Qa1 Rxa2 33. Qxa2 Qxa2 34. Nxa2 Nd8 35. Nc1 Nb7 36. Nb3 Kf7 37. Kf2 f5 38. exf5 gxf5 39. f4 Kf6 40. Be2 e4 41. Ke1 Bf7 42. Kd2 Kg6 43. Kc3 Be6 44. Bf1 Kf6 45. Be2 Bf7 46. Bf1 Na4+ 47. Kc2 Nd8 48. Na5 Ne6 49. Nb7 Nd4+ 50. Kd2 Ke7 51. Bh3 Be6 52. Na5 Nb6 53. Nc6+ Kf6 54. Nd8 Bxc4 55. Nxc4 Nxc4+ 56. Kc3 Nb6 57. Bf1 e3 58. Kd3 Nxb5 59. Kxe3 Nd4 60. Be2 d5 61. Bxh5 Nc4+ 62. Kf2 Nb2 63. Ke3 c4 64. Kxd4 Nd3 65. Nc6 Nf2 66. Bf3 c3 67. Nb4 Ne4 68. Bxe4 dxe4 69. Kxc3 1-0


[Site "https://www.chess.com"]

[Event "Titled Tuesday Blitz November 14 Early 2023"]
[White "Maltsevskaya, Aleksandra"]
[Black "Bachmann, Axel"]
[WhiteFideId "24174041"]
[BlackFideId "3700488"]
[WhiteElo "2658"]
[BlackElo "2881"]
[Result "1-0"]
[Round "5"]
[TimeControl "180+1"]
[Date "2023.11.14"]
[WhiteClock "0:00:05"]
[BlackClock "0:00:00"]
[Board "35"]

1. e4 e5 2. Nf3 Nc6 3. Bb5 a6 4. Ba4 Nf6 5. O-O b5 6. Bb3 Bb7 7. c3 Nxe4 8. d4 exd4 9. Re1 d5 10. Ng5 Ne5 11. cxd4 Nc4 12. f3 Be7 13. fxe4 Bxg5 14. exd5+ Kf8 15. Bxc4 bxc4 16. Nc3 h5 17. Qa4 Bxc1 18. Raxc1 Bxd5 19. Nxd5 Qxd5 20. Rxc4 Qd6 21. Rc6 Qd7 22. Qc4 Rc8 23. Qc5+ Kg8 24. Rxa6 h4 25. Ra3 Rh6 26. Rae3 h3 27. gxh3 Rxh3 28. Rxh3 Qxh3 29. Qc6 Qg4+ 30. Kh1 Qf4 31. Re8+ Rxe8 32. Qxe8+ Kh7 33. Qe2 Qxd4 34. b3 g6 35. a4 Qc3 36. Qd1 c5 37. Kg2 f5 38. Qd7+ Kh6 39. Qd8 Qc2+ 40. Kg1 Qc1+ 41. Kg2 1-0


[Site "https://www.chess.com"]

[Event "Titled Tuesday Blitz November 14 Early 2023"]
[White "Makhnev, Denis"]
[Black "Beerdsen, Thomas"]
[WhiteFideId "13707647"]
[BlackFideId "1030108"]
[WhiteElo "2655"]
[BlackElo "2844"]
[Result "0-1"]
[Round "5"]
[TimeControl "180+1"]
[Date "2023.11.14"]
[WhiteClock "0:00:09"]
[BlackClock "0:00:09"]
[Board "36"]

1. Nf3 Nf6 2. c4 g6 3. Nc3 Bg7 4. g3 O-O 5. Bg2 c6 6. d4 d5 7. cxd5 cxd5 8. Ne5 Nc6 9. O-O Bf5 10. Nxc6 bxc6 11. Na4 Be4 12. Bh3 Rb8 13. Bf4 Rb5 14. Rc1 Nh5 15. Be3 e5 16. b3 exd4 17. Bxd4 Qg5 18. Bxg7 Kxg7 19. Qd4+ Kg8 20. e3 Ng7 21. Rxc6 Qh5 22. Bg2 Ne6 23. Qf6 Bxg2 24. Kxg2 d4 25. Qf3 Qh6 26. h4 Rf5 27. Qe4 dxe3 28. Qxe3 g5 29. hxg5 Rxg5 30. Nc5 Nf4+ 31. Qxf4 Qxc6+ 32. Ne4 Rg6 33. Re1 f5 0-1


[Site "https://www.chess.com"]

[Event "Titled Tuesday Blitz November 14 Early 2023"]
[White "mind1mover"]
[Black "Al-Tarboush, Ward"]
[BlackFideId "7601450"]
[WhiteElo "2844"]
[BlackElo "2645"]
[Result "1-0"]
[Round "5"]
[TimeControl "180+1"]
[Date "2023.11.14"]
[WhiteClock "0:00:08"]
[BlackClock "0:01:10"]
[Board "37"]

1. Nf3 d5 2. b3 Nf6 3. Bb2 Bg4 4. e3 Nc6 5. Be2 e6 6. c4 Bd6 7. cxd5 exd5 8. h3 Bf5 9. O-O O-O 10. a3 Re8 11. b4 h6 12. Nc3 Ne5 13. Nb5 Nxf3+ 14. Bxf3 Be5 15. Bxe5 Rxe5 16. d3 c6 17. Nd4 Bd7 18. a4 Qc8 19. Kh2 Qc7 20. g3 Rae8 21. Rc1 Qd6 22. b5 c5 23. Nb3 b6 24. d4 Rg5 25. dxc5 bxc5 26. Nxc5 Rxe3 27. Nxd7 Nxd7 28. h4 Rg6 29. Qxd5 Ra3 30. Rc8+ Nf8 31. Re1 Qb6 32. Rxf8+ Kh7 33. Re2 Rf6 34. Be4+ g6 35. Rxf7+ Kh8 36. Qa8+ 1-0


[Site "https://www.chess.com"]

[Event "Titled Tuesday Blitz November 14 Early 2023"]
[White "Kuzhylnyi, Oleksandr"]
[Black "Kozak, Antoni"]
[WhiteFideId "34110500"]
[BlackFideId "21832030"]
[WhiteElo "2640"]
[BlackElo "2831"]
[Result "0-1"]
[Round "5"]
[TimeControl "180+1"]
[Date "2023.11.14"]
[WhiteClock "0:00:16"]
[BlackClock "0:00:10"]
[Board "38"]

1. b3 e5 2. Bb2 d6 3. e3 Nf6 4. c4 g6 5. Nf3 Bg7 6. d4 e4 7. Nfd2 O-O 8. d5 Bf5 9. Be2 h5 10. Nc3 Nbd7 11. Nb5 Nc5 12. Nd4 Bd7 13. Qc2 Re8 14. O-O Qe7 15. Rfd1 Bh6 16. Rab1 Ng4 17. Nf1 f5 18. b4 Ba4 19. Nb3 Nd7 20. c5 Nde5 21. b5 Qh4 22. Bc4 Qxf2+ 23. Qxf2 Nxf2 24. Bxe5 Nxd1 25. Bd4 Bxb3 26. Bxb3 Nxe3 27. Nxe3 Rac8 28. Nc4 Bf8 29. c6 b6 30. a4 Bg7 31. Bxg7 Kxg7 32. h4 f4 33. Re1 e3 34. Bd1 Re4 35. Be2 Rce8 36. Rd1 R4e7 37. a5 Ra8 38. a6 Rae8 39. Rd4 Rf8 40. Kf1 Ref7 41. Bf3 Rf5 42. Ke2 Kh6 43. Nb2 g5 44. hxg5+ Rxg5 45. Nd3 Rgf5 46. Be4 R5f7 47. Bf3 Kg5 48. Re4 Rg7 49. Re6 h4 50. Ne1 Rf5 51. Nc2 Re5 52. Rxe5+ dxe5 53. Nb4 Kf6 54. Kd3 Ke7 55. Ke4 Kd6 56. Nd3 e2 57. Bxe2 Rxg2 58. Bf3 Rg1 59. Nf2 Re1+ 60. Kf5 Re3 61. Ne4+ Kxd5 62. Ng5+ Kc5 63. Be4 Kxb5 64. Ne6 Rxe4 65. Kxe4 Kxc6 66. Kxe5 h3 67. Nd4+ Kc5 68. Nf3 Kb5 69. Kxf4 Kxa6 70. Kg3 Kb5 71. Kxh3 a5 72. Kg2 a4 73. Kf2 a3 74. Nd4+ Kc4 75. Nc2 Kb3 76. Nxa3 Kxa3 0-1


[Site "https://www.chess.com"]

[Event "Titled Tuesday Blitz November 14 Early 2023"]
[White "CrazyAdvenTures"]
[Black "Sydoryka, Vladyslav"]
[BlackFideId "14145928"]
[WhiteElo "2824"]
[BlackElo "2628"]
[Result "0-1"]
[Round "5"]
[TimeControl "180+1"]
[Date "2023.11.14"]
[WhiteClock "0:01:07"]
[BlackClock "0:01:34"]
[Board "39"]

1. e4 c6 2. Nf3 d5 3. Nc3 dxe4 4. Nxe4 Nf6 5. Qe2 Nxe4 6. Qxe4 Nd7 7. d4 Nf6 8. Qf4 Bg4 9. Ne5 Bh5 10. c3 e6 11. Bd3 Bd6 12. O-O Qc7 13. Qg5 Bg6 14. Bc4 Ne4 15. Qg4 Bxe5 16. dxe5 Qxe5 17. Bf4 Qc5 18. Bd3 Nf6 19. Qg3 Nh5 0-1


[Site "https://www.chess.com"]

[Event "Titled Tuesday Blitz November 14 Early 2023"]
[White "Rychkov, Oleg"]
[Black "Belov, Alexei"]
[WhiteFideId "4122852"]
[BlackFideId "4128206"]
[WhiteElo "2824"]
[BlackElo "2627"]
[Result "1-0"]
[Round "5"]
[TimeControl "180+1"]
[Date "2023.11.14"]
[WhiteClock "0:00:15"]
[BlackClock "0:00:00"]
[Board "40"]

1. e4 e6 2. d4 d5 3. Nd2 Nf6 4. Bd3 c5 5. c3 Nc6 6. Ngf3 dxe4 7. Nxe4 cxd4 8. Nxf6+ gxf6 9. cxd4 Bd7 10. O-O Qb6 11. d5 exd5 12. Re1+ Be7 13. Be3 d4 14. Bh6 O-O-O 15. a3 Bd6 16. b4 Rhe8 17. Qc2 Kb8 18. Bxh7 Ne5 19. Nxe5 fxe5 20. Bg5 Rc8 21. Qd2 f5 22. Bg6 Rf8 23. h4 e4 24. Rac1 Ka8 25. h5 d3 26. Rxc8+ Rxc8 27. Rc1 Rf8 28. Qe3 Qa6 29. Qd4 Be6 30. h6 Bg8 31. h7 Bxh7 32. Bxh7 Bb8 33. Qg7 Re8 34. Be3 Qxa3 35. Qd7 Rh8 36. Qxf5 Qxb4 37. Qxe4 Qd6 38. g3 d2 39. Rd1 Qd7 40. Bf5 Qg7 41. Rxd2 Qa1+ 42. Qb1 Qe5 43. Be4 1-0


[Site "https://www.chess.com"]

[Event "Titled Tuesday Blitz November 14 Early 2023"]
[White "Karamsetty, Jeevan"]
[Black "Szpar, Milosz"]
[WhiteFideId "2025337"]
[BlackFideId "1184989"]
[WhiteElo "2618"]
[BlackElo "2824"]
[Result "0-1"]
[Round "5"]
[TimeControl "180+1"]
[Date "2023.11.14"]
[WhiteClock "0:00:11"]
[BlackClock "0:01:05"]
[Board "41"]

1. e4 c5 2. Nc3 d6 3. f4 Nc6 4. Nf3 g6 5. Bc4 Bg7 6. O-O e6 7. d3 Nge7 8. f5 d5 9. Bb3 dxe4 10. Nxe4 exf5 11. Neg5 O-O 12. Qe1 h6 13. Qh4 Nd5 14. Nh3 Qxh4 15. Nxh4 Be6 16. Nf3 Rfe8 17. c3 Rad8 18. Ba4 Bd7 19. Nf4 Nce7 20. Bxd7 Rxd7 21. Rd1 Red8 22. Ne2 Nc7 23. Be3 Ne6 24. d4 Nd5 25. Bf2 c4 26. b3 Rc7 27. bxc4 Rxc4 28. Rab1 b6 29. Nd2 Rxc3 30. Nxc3 Nxc3 31. Nb3 Nxb1 32. Rxb1 Nxd4 33. Rd1 Nf3+ 0-1


[Site "https://www.chess.com"]

[Event "Titled Tuesday Blitz November 14 Early 2023"]
[White "Samsonkin, Artiom"]
[Black "Ahmad, Khagan"]
[WhiteFideId "13503111"]
[BlackFideId "13431552"]
[WhiteElo "2822"]
[BlackElo "2609"]
[Result "1-0"]
[Round "5"]
[TimeControl "180+1"]
[Date "2023.11.14"]
[WhiteClock "0:00:06"]
[BlackClock "0:00:00"]
[Board "42"]

1. e4 c5 2. Nf3 d6 3. d4 cxd4 4. Qxd4 Nc6 5. Bb5 Bd7 6. Qd3 Nf6 7. O-O g6 8. c4 Bg7 9. Nc3 O-O 10. h3 a6 11. Bxc6 Bxc6 12. Be3 Rc8 13. Rac1 Nd7 14. Nd4 Nc5 15. Qb1 a5 16. Rfd1 Qb6 17. b3 Qa6 18. f3 b6 19. a3 Qb7 20. Nd5 Bxd5 21. cxd5 a4 22. bxa4 Bxd4 23. Rxd4 Qa6 24. Rdc4 Nxa4 25. Rxc8 Rxc8 26. Rxc8+ Qxc8 27. Qb5 Qc3 28. Bf2 Nc5 29. Qxb6 Qxa3 30. Qd8+ Kg7 31. Qxe7 Qc1+ 32. Kh2 Qf4+ 33. Bg3 Qd2 34. Qxd6 Nd3 35. Be5+ Kh6 36. Qf8+ Kh5 37. Bg3 Ne1 38. Bxe1 Qxe1 39. Qxf7 h6 40. Qe6 1-0


[Site "https://www.chess.com"]